 Dungeon Crawl Stone Soup version 0.30-a0-1082-g70414cbcbb (webtiles) character file.

Game seed: 3297231653635800833

1757282 Zonian the Wrestler (level 27, 269/269 HPs)
             Began as a Yellow Draconian Gladiator on Apr 9, 2023.
             Was a High Priest of Ashenzari.
             Escaped with the Orb
             ... and 4 runes on Apr 15, 2023!
             The game lasted 06:16:01 (117213 turns).

Zonian the Wrestler (Yellow Draconian Gladiator)  Turns: 117213, Time: 06:16:01

Health: 269/269    AC: 27    Str: 31      XL:     27
Magic:  40/40      EV: 18    Int:  7 (8)  God:    Ashenzari [*****.]
Gold:   6601       SH: 23    Dex: 11 (13) Spells: 49/73 levels left

rFire   + + +      SeeInvis +      - Unarmed
rCold   + + .      Faith    .    I - +3 tower shield of the Pangnostic Moon {rF+, Evo, Fort} (curse)
rNeg    + . .      Spirit   +    (body armour unavailable)
rPois   +          Reflect  .    T - +2 hat "Paranoia of Ashenzari" {Comp, Self} (curse)
rElec   .          Rampage  +    k - +2 cloak of Ashenzari's Inaction {Melee, Evo} (curse)
rCorr   +          Clarity  +    R - +1 pair of gloves "Prescient Negligence" {rPois rC++ rCorr, Melee, Range} (curse)
Will    ++...                    X - +2 pair of boots "Omen of the Cosmic Seer" {rampage, Self, Range} (curse)
Stlth   +++                      M - amulet "Visionary of Ashenzari" {Spirit Str+3, Melee, Evo} (curse)
HPRegen 0.64/turn                N - ring of the Prescient Planets {rPois rF+ rN+ Str+5 Dex-2 Stlth+, Melee, Evo} (curse)
MPRegen 0.27/turn                i - ring of Ashenzari's Skepticism {AC+4, Self, Cun} (curse)

@: no status effects
A: spit acid, AC +13, unfitting armour, acidic bite, cold-blooded, acid
resistance, clumsy 1, deterioration 2, dopey 1, fire resistance 1, low MP 2,
weak 1, no potion heal 1
0: Orb of Zot
}: 4/15 runes: barnacled, slimy, silver, gossamer
a: Breathe Acid, Renounce Religion, Curse Item, Shatter the Chains


You escaped.
You worshipped Ashenzari.
Ashenzari was extremely pleased with you.
You visited 12 branches of the dungeon, and saw 54 of its levels.
You visited the Abyss 5 times.
You visited 1 ziggurat, and saw 7 of its levels.
You also visited: Bailey, Gauntlet, Volcano and Desolation.

You collected 11455 gold pieces.
You spent 4854 gold pieces at shops.

Inventory:

Missiles
 c - 19 javelins
 h - 8 curare-tipped darts
 l - 16 boomerangs of dispersal
 q - 2 silver javelins
 w - 5 poisoned darts
 z - 9 boomerangs (quivered)
 Y - 6 silver boomerangs
Armour
 f - a +2 kite shield of reflection
 k - the cursed +2 cloak of Ashenzari's Inaction (worn) {Melee, Evo}
   (You bought it in a shop on level 3 of the Shoals)

   It has a curse which improves the following skills: Melee Combat: Short
   Blades, Long Blades, Axes, Maces & Flails, Polearms, Staves and Unarmed
   Combat.
   Evocations: Evocations.
 I - the cursed +3 tower shield of the Pangnostic Moon (worn) {rF+, Evo, Fort}
   (You took it off Louise on level 2 of the Shoals)

   It has a curse which improves the following skills: Evocations: Evocations.
   Fortitude: Shields.
 R - the cursed +1 pair of gloves "Prescient Negligence" (worn) {rPois rC++ rCorr, Melee, Range}
   (You found it on level 3 of the Elven Halls)

   rC:        It greatly protects you from cold.
   rPois:     It protects you from poison.
   rCorr:     It protects you from acid and corrosion.
   It has a curse which improves the following skills: Melee Combat: Short
   Blades, Long Blades, Axes, Maces & Flails, Polearms, Staves and Unarmed
   Combat.
   Ranged Combat: Ranged Weapons and Throwing.
 T - the cursed +2 hat "Paranoia of Ashenzari" (worn) {Comp, Self}
   (You found it on level 13 of the Dungeon)

   It has a curse which improves the following skills: Companions: Summonings
   and Necromancy.
   Introspection: Fighting and Spellcasting.
 X - the cursed +2 pair of boots "Omen of the Cosmic Seer" (worn) {rampage, Self, Range}
   (You found it on level 4 of the Spider Nest)

   It has a curse which improves the following skills: Introspection: Fighting
   and Spellcasting.
   Ranged Combat: Ranged Weapons and Throwing.
Jewellery
 i - the cursed ring of Ashenzari's Skepticism (right hand) {AC+4, Self, Cun}
   (You found it on level 8 of the Dungeon)

   [ring of protection]

   AC:        It affects your AC (+4).
   It has a curse which improves the following skills: Introspection: Fighting
   and Spellcasting.
   Cunning:   Dodging and Stealth.
 y - a +6 ring of dexterity
 M - the cursed amulet "Visionary of Ashenzari" (around neck) {Spirit Str+3, Melee, Evo}
   (You bought it in a shop on level 3 of the Elven Halls)

   [amulet of guardian spirit]

   It causes incoming damage to be divided between your reserves of health and
   magic.
   Str:       It affects your strength (+3).
   It has a curse which improves the following skills: Melee Combat: Short
   Blades, Long Blades, Axes, Maces & Flails, Polearms, Staves and Unarmed
   Combat.
   Evocations: Evocations.
 N - the cursed ring of the Prescient Planets (left hand) {rPois rF+ rN+ Str+5 Dex-2 Stlth+, Melee, Evo}
   (You took it off a deep elf elementalist on level 3 of the Elven Halls)

   [ring of poison resistance]

   Str:       It affects your strength (+5).
   Dex:       It affects your dexterity (-2).
   rF:        It protects you from fire.
   rPois:     It protects you from poison.
   rN:        It protects you from negative energy.
   Stlth:     It makes you more stealthy.
   It has a curse which improves the following skills: Melee Combat: Short
   Blades, Long Blades, Axes, Maces & Flails, Polearms, Staves and Unarmed
   Combat.
   Evocations: Evocations.
 P - the ring "Iwutih" {rC+++ EV+5}
   (You found it on level 2 of the Realm of Zot)

   [ring of evasion]

   EV:        It affects your evasion (+5).
   rC:        It renders you almost immune to cold.
 U - a ring of willpower
Wands
 g - a wand of iceblast (13)
 s - a wand of polymorph (5)
 x - a wand of flame (102)
 C - a wand of acid (12)
 F - a wand of mindburst (4)
 Q - a wand of paralysis (36)
Scrolls
 e - 5 scrolls of magic mapping
 m - 6 scrolls of fear
 o - 5 scrolls of immolation
 t - 7 scrolls of blinking
 u - 11 scrolls of teleportation
 v - 7 scrolls of butterflies
 G - 9 scrolls of poison
 J - 2 scrolls of silence
 Z - 2 scrolls of fog
Potions
 a - 3 potions of mutation
 b - 2 potions of might
 j - 2 potions of heal wounds
 p - 16 potions of curing
 r - a potion of magic
 D - 2 potions of cancellation
 E - 12 potions of ambrosia
 K - 2 potions of resistance
 S - 5 potions of brilliance
 V - 3 potions of invisibility
Miscellaneous
 n - a lightning rod (4/4)
 A - a condenser vane
 B - a phantom mirror
 L - a tin of tremorstones (2/2)
 O - a box of beasts
 W - a phial of floods


   Skills:
 - Level 22.2(26.0) Fighting
 - Level 14.4(17.5) Throwing
 - Level 18.0(20.0) Dodging
 - Level 12.9(15.0) Stealth
 - Level 17.0(18.9) Shields
 - Level 23.0(27) Unarmed Combat
 + Level 19.9(23.7) Spellcasting
 - Level 8.0 Hexes
 - Level 8.0 Translocations
 - Level 8.0 Fire Magic
 - Level 5.0 Air Magic
 - Level 13.0(18.0) Evocations


You had 49 spell levels left.
You knew the following spells:

 Your Spells              Type           Power      Damage    Failure   Level
a - Blink                 Tloc           38%        N/A       1%          2
b - Lesser Beckoning      Tloc           38%        N/A       1%          2
c - Apportation           Tloc           38%        N/A       1%          1
d - Momentum Strike       Conj/Tloc      26%        3d8       2%          2
e - Passage of Golubria   Tloc           19%        N/A       3%          4
f - Portal Projectile     Hex/Tloc       38%        N/A       1%          3
g - Manifold Assault      Tloc           19%        N/A       3%          4
h - Vhi's Electric Charg  Tloc/Air       34%        N/A       1%          3
i - Volatile Blastmotes   Fire/Tloc      38%        2d13      1%          3

Your spell library contained the following spells:

 Spells                   Type           Power      Damage    Failure   Level
 Foxfire                  Conj/Fire      52%        2x1d6     1%          1
 Gell's Gravitas          Tloc           19%        N/A       1%          3
 Inner Flame              Hex/Fire       19%        N/A       1%          3
 Teleport Other           Tloc           19%        N/A       1%          3
 Tukima's Dance           Hex            19%        N/A       1%          3
 Ensorcelled Hibernation  Hex/Ice        26%        N/A       2%          2
 Swiftness                Air            15%        N/A       3%          3
 Poisonous Vapours        Pois/Air       22%        N/A       5%          2
 Static Discharge         Conj/Air       22%        2-3/arc   5%          2
 Dazzling Flash           Conj/Hex       26%        N/A       5%          3
 Summon Guardian Golem    Hex/Summ       14%        N/A       5%          3
 Cigotuvi's Dreadful Rot  Necr/Pois/Air  20%        N/A       7%          2
 Necrotise                Necr           32%        1d5       9%          1
 Summon Small Mammal      Summ           32%        N/A       9%          1
 Beastly Appendage        Tmut           16%        N/A       10%         1
 Freeze                   Ice            32%        1d5       10%         1
 Kiss of Death            Conj/Necr      32%        2d7       10%         1
 Magic Dart               Conj           32%        1d4       10%         1
 Sandblast                Erth           16%        2d6       10%         1
 Sting                    Tmut/Pois      32%        1d4       10%         1
 Airstrike                Air            7%         2d(2-18)  12%         4
 Call Imp                 Summ           16%        N/A       13%         2
 Sublimation of Blood     Necr           8%         N/A       13%         2
 Passwall                 Tmut/Erth      6%         N/A       14%         2
 Searing Ray              Conj           16%        2d5       14%         2
 Wereblood                Tmut           8%         N/A       14%         2
 Mephitic Cloud           Conj/Pois/Air  10%        N/A       14%         3
 Anguish                  Hex/Necr       7%         N/A       19%         4
 Flame Wave               Conj/Fire      13%        2d6       19%         4
 Fulminant Prism          Conj/Hex       6%         3d6       19%         4
 Iskenderun's Mystic Bla  Conj/Tloc      13%        2d5       19%         4
 Leda's Liquefaction      Hex/Erth       6%         N/A       19%         4
 Sticky Flame             Conj/Fire      13%        2d4       19%         4
 Call Canine Familiar     Summ           8%         N/A       26%         3
 Vampiric Draining        Necr           8%         2d6       26%         3
 Frozen Ramparts          Ice            16%        1d3       28%         3
 Ozocubu's Armour         Ice            8%         N/A       28%         3
 Spider Form              Tmut/Pois      8%         N/A       28%         3
 Stone Arrow              Conj/Erth      16%        3d8       28%         3
 Summon Lightning Spire   Summ/Air       12%        N/A       32%         4
 Metabolic Englaciation   Hex/Ice        6%         N/A       45%         5
 Summon Forest            Summ/Tloc      7%         N/A       45%         5
 Summon Mana Viper        Hex/Summ       14%        N/A       45%         5
 Yara's Violent Unravell  Hex/Tmut       6%         3d5       45%         5
 Dispersal                Tloc           9%         N/A       50%         6
 Animate Dead             Necr           8%         N/A       65%         4
 Dispel Undead            Necr           8%         3d8       65%         4
 Ice Form                 Ice/Tmut       8%         N/A       67%         4
 Olgreb's Toxic Radiance  Pois           8%         N/A       67%         4
 Petrify                  Tmut/Erth      8%         N/A       67%         4
 Summon Ice Beast         Ice/Summ       8%         N/A       67%         4
 Arcjolt                  Conj/Air       5%         1d15      67%         5
 Plasma Beam              Fire/Air       8%         2x1d21    71%         6
 Freezing Cloud           Conj/Ice/Air   5%         6-21      80%         5
 Agony                    Necr           8%         N/A       94%         5
 Alistair's Intoxication  Tmut/Pois      5%         N/A       95%         5
 Blade Hands              Tmut           4%         N/A       95%         5
 Irradiate                Conj/Tmut      4%         3d13      95%         5
 Iskenderun's Battlesphe  Conj           8%         2d6       95%         5
 Lee's Rapid Deconstruct  Erth           4%         3d5*      95%         5
 Starburst                Conj/Fire      6%         6d4       96%         6
 Enfeeble                 Hex            9%         N/A       97%         7
 Conjure Ball Lightning   Conj/Air       5%         3x3d6     99%         6
 Death Channel            Necr           4%         N/A       100%        6
 Iron Shot                Conj/Erth      4%         9d2       100%        6
 Simulacrum               Ice/Necr       4%         N/A       100%        6
 Statue Form              Tmut/Erth      5%         N/A       100%        6
 Haunt                    Necr/Summ      4%         N/A       100%        7
 Malign Gateway           Summ/Tloc      7%         N/A       100%        7
 Spellforged Servitor     Conj/Summ      4%         N/A       100%        7
 Storm Form               Tmut/Air       5%         N/A       100%        7
 Borgnjor's Revivificati  Necr           4%         N/A       100%        8
 Discord                  Hex            9%         N/A       100%        8
 Disjunction              Tloc           9%         N/A       100%        8
 Ignition                 Fire           9%         3d5       100%        8
 Infestation              Necr           4%         N/A       100%        8
 Maxwell's Capacitive Co  Air            7%         ∞         100%        8
 Necromutation            Tmut/Necr      4%         N/A       100%        8
 Chain Lightning          Conj/Air       5%         3d7       100%        9
 Death's Door             Necr           4%         N/A       100%        9
 Fire Storm               Conj/Fire      6%         8d2       100%        9
 Polar Vortex             Ice            4%         N/A       100%        9
 Shatter                  Erth           4%         3d7*      100%        9


Dungeon Overview and Level Annotations

Branches:
Dungeon (15/15)            Temple (1/1) D:5            Lair (5/5) D:9
 Shoals (4/4) Lair:3       Spider (4/4) Lair:3        Slime (5/5) Lair:4
    Orc (2/2) D:9             Elf (3/3) Orc:2        Vaults (5/5) D:14
  Crypt (0/3) Vaults:2     Depths (4/4) D:15           Hell (visited)
    Dis (0/7) Hell            Geh (0/7) Hell            Coc (0/7) Hell
    Tar (0/7) Hell            Zot (5/5) Depths:4     Bailey (visited)
Volcano (visited)         Desolation (visited)      Gauntlet (visited)

Altars:
Ashenzari
Cheibriados
Dithmenos
Elyvilon
Fedhas
Gozag
Hepliaklqana
Kikubaaqudgha
Makhleb
Nemelex Xobeh
Okawaru
Qazlal
Ru
Sif Muna
Trog
Uskayaw
Vehumet
Wu Jian
Xom
Yredelemnul
Zin
The Shining One
Jiyva

Shops:
D:2 [   D:3 ?(   D:4 ?   D:5 *   Orc:2 [:*(   Elf:1 =   Elf:2 :   Elf:3 (=:=
Shoals:2 *   Shoals:3 *   Shoals:4 [   Vaults:2 [(:   Vaults:3 (   Vaults:5 *
Depths:1 =

Portals:
Hell: Depths:1 Depths:2 Depths:3 Depths:4
Pandemonium: Depths:2 Depths:4

Annotations:
Vaults:4 2 transporters, exclusion: obsidian statue
Zot:2 2 transporters, exclusion: orange crystal statue, Kawoqao's ghost, legendary MiBe; Zeaxzic Paph's ghost, veteran OgBe


Innate Abilities, Weirdness & Mutations

You can spit globs of acid.
Your golden yellow scales are hard. (AC +13)
You cannot fit into any form of body armour.
You have acidic saliva.
You are cold-blooded and may be slowed by cold attacks.
You are resistant to acid. (rCorr)
You are clumsy. (Dex -2)
Your body often deteriorates upon taking damage.
You are dopey. (Int -2)
Your flesh is heat resistant. (rF+)
Your magical capacity is very low. (-20% MP)
You are weak. (Str -2)
Potions are less effective at restoring your health.


Message History

The arrow hits you but does no damage.
There is a stone staircase leading up here.
Unknown command.
You climb upwards.
There is a stone staircase leading down here.
Unknown command.
A hellion comes into view.
The hellion gestures at you.
The sphere of damnation explodes!
The damnation engulfs you!
There is a stone staircase leading up here.
You climb upwards.
There is a stone staircase leading down here.
Unknown command.
There is a stone staircase leading up here.
You climb upwards.
There is a stone staircase leading down here.
Unknown command.
There is a stone staircase leading up here.
You climb upwards.
There is a stone staircase leading down here.
Unknown command.
There is a fountain of clear blue water here.
There is a stone staircase leading up here.
You climb upwards.
There is a stone staircase leading down here.
There is a stone staircase leading down here.
A neqoxec comes into view.
You rampage towards the neqoxec!
You rampage towards the neqoxec!
You barely miss the neqoxec.
Your tail-slap misses the neqoxec.
Your bite misses the neqoxec. You barely miss the neqoxec.
The neqoxec gestures at you.
Strange energies course through your body.
You feel weaker.
You closely miss the neqoxec. Your bite misses the neqoxec.
You pummel the neqoxec!!
You kill the neqoxec!
There is an open door here.
There is a staircase leading out of the dungeon here.
You have escaped!

#.# ##..#.#..###........
#.######..................#
#........~~~........~~~~~..
####...~~~~~~.....~~~~~~~~~
##..~~~~≈≈~~....~~≈≈≈≈≈≈~~
##..~~≈~#####....~~≈≈≈≈≈≈≈~
#..~~≈≈##...##....~~≈≈≈≈≈≈≈
##.~~≈≈≈#.....#....~~≈≈≈≈≈≈≈
#..~~~≈≈#.>@..'....~~≈~~≈≈≈≈
#...~~~≈#.....#.....~~~~~~≈≈
#.#.~~~≈##...##......~~~~~~≈
#.#.~~≈≈≈#####~~........~~~#
#.#.~~≈≈≈≈≈≈≈~~~~~.........#
#....~~≈≈≈≈≈≈≈≈≈≈~~........'
#.)#.~~≈≈≈≈≈≈≈≈≈≈~~....~~~.#
#..#.~~≈≈≈≈≈≈≈≈≈≈~~....~~~~#
#..#.~~≈≈≈≈≈≈≈≈≈~~....~~≈≈~≈


There were no monsters in sight!

Vanquished Creatures
  the Royal Jelly (Slime:5)
  2 dread liches
  2 orbs of fire (Zot:5)
  4 ancient liches
  A royal mummy (Zig:7)
  The ghost of Miownoin the Impregnable, a master GrFi of Ashenzari (Depths:2)
  5 Killer Klowns
  3 caustic shrikes (Depths:3)
  3 curse toes
  9 golden dragons
  Geryon (Hell)
  A bone dragon (Abyss:3)
  3 electric golems
  3 Brimstone Fiends
  A Hell Sentinel (Depths:3)
  Jorgrun (Orc:1)
  2 pandemonium lords
  Mlioglotl (Spider:3)
  17 tentacled monstrosities
  Rupert (Orc:2)
  Zenata (Elf:1)
  8 liches
  24 Orb Guardians
  A walking earthen tome (Depths:3)
  2 quicksilver dragons (Zot:4)
  3 titans
  24 acid blobs
  4 deep elf blademasters
  Asterion (Depths:2)
  4 sphinxes
  3 tentacled starspawn (Abyss:3)
  Agnes (Spider:3)
  An Executioner (Zot:1)
  10 tengu reavers
  18 storm dragons
  12 death cobs
  11 shadow dragons
  A demonspawn warmonger (Zig:5)
  Ilsuiw (Shoals:4)
  10 azure jellies
  6 rockslimes
  3 draconian knights
  4 draconian monks
  6 emperor scorpions
  3 iron dragons
  10 fire giants
  9 frost giants
  9 deep elf sorcerers
  8 ghost moths
  2 draconian stormcallers
  An imperial myrmidon (Desolation)
  15 vault wardens
  7 draconian scorchers
  3 draconian shifters
  Louise (Shoals:2)
  2 cacodemons
  2 deep elf elementalists (Elf:3)
  7 draconian annihilators
  2 juggernaut zombies (Hell)
  2 orc warlords
  A balrug (Depths:1)
  2 spriggan defenders (Depths:3)
  4 war gargoyles
  6 ironbound thunderhulks
  11 ironbound preservers
  31 very ugly things
  18 quicksilver oozes
  2 demonspawn blood saints
  2 reapers (Hell)
  A broodmother (Spider:3)
  A quicksilver ooze (shapeshifter) (Vaults:5)
  A vampire knight (Depths:1)
  Nessos (Orc:2)
  7 white draconians
  12 green draconians
  17 stone giants
  3 halazid warlocks (Desolation)
  12 black draconians
  6 deep elf annihilators
  8 deep elf demonologists
  2 lorocyprocas
  A minotaur (Gauntlet)
  4 purple draconians (Zot:3)
  3 red draconians
  21 spark wasps
  11 yellow draconians
  Azrael (Orc:1)
  14 dire elephants
  A wendigo (Zig:1)
  A crystal guardian (Vaults:4)
  Snorg (Orc:1)
  7 deep elf death magi
  2 iron golems (Depths:1)
  3 mummy priests (Zig:7)
  8 merfolk impalers
  4 merfolk javelineers (Shoals:4)
  A quicksilver dragon zombie (Hell)
  13 ettins
  6 deep elf high priests
  2 green deaths
  3 blizzard demons (Hell)
  5 ragged hierophants (Desolation)
  Josephine (Orc:1)
  7 entropy weavers
  8 fire dragons
  2 hydras (shapeshifter) (Vaults:5)
  11 great orbs of eyes
  8 rakshasas
  A kraken zombie (Hell)
  16 yaktaur captains
  A hell beast (Zot:3)
  29 vault guards
  7 ice dragons
  A servant of whispers (Desolation)
  13 peacekeepers
  3 jorogumos
  An ogre mage (Vaults:5)
  4 spriggan air magi
  4 hydras
  A juggernaut simulacrum (Hell)
  2 merfolk avatars (Shoals:4)
  A radroach (Spider:4)
  7 ironbound frosthearts
  Erica (Orc:1)
  5 boulder beetles
  14 centaur warriors
  A satyr (Shoals:4)
  An alligator snapping turtle (Shoals:4)
  2 catoblepae
  4 merfolk aquamancers
  11 death yaks (Lair:4)
  7 two-headed ogres
  12 deep troll earth magi
  6 death scarabs
  A vampire mage (D:15)
  4 spriggan berserkers
  8 hell hogs
  2 tengu warriors (Depths:3)
  6 deep troll shamans
  26 dancing weapons
  Sonja (D:11)
  3 orc high priests (Orc:2)
  17 deep elf knights
  A storm dragon zombie (Hell)
  2 thrashing horrors (Abyss:3)
  3 sun demons
  2 soul eaters (Depths:1)
  The ghost of Paacetobla the Carver, a novice GrGl of Wu Jian (D:11)
  23 hell knights
  5 skysharks
  3 wretched stars (Abyss:3)
  A skeletal warrior (D:14)
  9 pharaoh ants
  10 iron trolls
  An anaconda zombie (Hell)
  A sixfirhy (Zot:2)
  64 deep trolls
  4 sun moths
  20 orb spiders
  11 sea snakes
  3 flayed ghosts
  2 glowing orange brains
  2 shadow demons
  2 tengu zombies
  2 phantasmal warriors
  12 ironbound convokers
  10 steelbarb worms
  11 deep elf archers
  4 wizards
  A golden dragon skeleton (Depths:3)
  Pikel (D:8)
  17 lindwurms
  An obsidian statue (Gauntlet)
  3 orc sorcerers
  A steelbarb worm (shapeshifter) (Vaults:4)
  3 orc knights
  A spectral wolf spider (Spider:4)
  4 starcursed masses
  2 shadow dragon zombies (Hell)
  29 deep elf zephyrmancers
  8 necromancers
  7 harpies
  A stone giant zombie (Hell)
  19 wolf spiders
  8 shining eyes
  A sphinx zombie (Hell)
  57 ugly things
  28 deep elf pyromancers
  A shadow dragon skeleton (Vaults:5)
  6 fauns
  A tengu skeleton (Depths:3)
  A draconian zombie (Abyss:3)
  10 manticores
  2 frost giant zombies (Hell)
  A will-o-the-wisp (Abyss:3)
  A worldbinder (Abyss:3)
  Joseph (D:8)
  24 moths of wrath
  8 cyclopes
  2 ice statues (Hell)
  16 elephants
  An elephant (shapeshifter) (Vaults:5)
  12 merfolk sirens
  5 large abominations
  3 guardian serpents (Desolation)
  8 rust devils
  A centaur zombie (Hell)
  5 molten gargoyles
  An elf zombie (Vaults:5)
  An eye of devastation (Slime:5)
  18 vault sentinels
  6 cane toads
  6 orange demons
  6 water nymphs
  4 black mambas
  9 demonic crawlers
  8 smoke demons
  4 torpor snails
  2 gargoyles
  6 rime drakes
  4 freezing wraiths
  2 redback zombies (Spider:4)
  A tengu conjurer (Depths:2)
  10 komodo dragons
  A yaktaur (shapeshifter) (Vaults:5)
  A sea snake zombie (Hell)
  A tormentor (Zig:1)
  2 efreet
  47 yaktaurs
  An ancient zyme (Abyss:3)
  An elf skeleton (Vaults:5)
  7 guardian mummies
  35 merfolk
  A queen bee (D:9)
  4 meliai
  5 wind drakes
  3 hydra zombies (Hell)
  5 polar bears
  4 hellwings
  4 trolls
  A sphinx simulacrum (Depths:3)
  40 tarantellas
  A spectral jumping spider (Spider:4)
  5 spectral tarantellas (Spider:4)
  41 saltlings (Desolation)
  20 blink frogs
  An alligator zombie (Hell)
  An ettin zombie (Hell)
  11 hornets
  A spriggan zombie (Hell)
  8 dream sheep
  2 hydra skeletons (Hell)
  2 flying skulls
  35 jumping spiders
  15 snapping turtles
  A tarantella zombie (Spider:4)
  33 culicivoras
  An ettin skeleton (Hell)
  104 slime creatures
  18 spriggans
  13 water elementals
  A shadow (D:11)
  3 wyverns
  3 ynoxinuls (Abyss:3)
  An air elemental (Zig:4)
  8 wraiths
  Eustachio (D:4)
  19 yaks
  A human (shapeshifter) (Elf:3)
  10 steam dragons
  3 basilisks (Lair:3)
  4 neqoxecs
  6 fire elementals
  20 golden eyes
  A chaos spawn (D:6)
  63 redbacks
  8 vampire mosquitoes
  2 acid dragons
  4 wargs
  Duvessa (D:4)
  A hydra simulacrum (Hell)
  11 hell hounds
  13 water moccasins
  35 orc warriors
  4 ice beasts
  4 black bears
  6 ogres
  4 boggarts (Lair:5)
  25 wolves
  18 centaurs
  3 small abominations (Abyss:3)
  2 phantoms
  7 bullfrogs
  6 kobold brigands
  A gnoll sergeant (D:9)
  3 scorpions
  3 earth elementals
  A human simulacrum (Vaults:5)
  9 wights (D:7)
  Dowan (D:4)
  30 killer bees
  8 howler monkeys
  A crimson imp (D:5)
  A jelly (D:6)
  2 hounds
  13 orc priests
  2 gnoll boudas
  2 iguanas
  2 sleepcaps
  20 orc wizards
  7 mummies
  21 gnolls
  8 adders
  2 shadow imps
  An ufetubus (D:3)
  2 worms (D:4)
  82 orcs
  8 ball pythons
  7 endoplasms
  29 goblins
  26 hobgoblins
  2 jackals (D:3)
  31 kobolds
  A quokka (D:2)
  2 frilled lizards (D:3)
  4 rats
  A starspawn tentacle (Abyss:3)
2529 creatures vanquished.

Vanquished Creatures (collateral kills)
  A dread lich (Zot:5)
  An electric golem (Zot:5)
  A storm dragon (Zot:5)
  2 spark wasps
  A merfolk javelineer (Shoals:4)
  A ragged hierophant (Desolation)
  A servant of whispers (Desolation)
  A moth of wrath (Zot:5)
  A merfolk (Shoals:4)
10 creatures vanquished.

Vanquished Creatures (others)
  A fire giant (Vaults:5)
  A deep elf knight (Elf:3)
  A saltling (Desolation)
  A jumping spider (Spider:4)
  14 demonic plants (Gauntlet)
  37 fungi
  A pillar of salt (Desolation)
  158 plants
  7 starspawn tentacles (Abyss:3)
  4 tentacles (Hell)
  A withered plant (Desolation)
226 creatures vanquished.

Grand Total: 2765 creatures vanquished

Notes
Turn   | Place    | Note
-------+----------+-------------------------------------------
     0 | D:1      | Zonian the Draconian Gladiator began the quest for the Orb.
     0 | D:1      | Reached XP level 1. HP: 17/17 MP: 1/1
   166 | D:1      | Reached XP level 2. HP: 24/25 MP: 2/2
   818 | D:2      | Reached XP level 3. HP: 25/30 MP: 3/3
   873 | D:2      | Found Wumisysk's Armour Emporium.
   933 | D:2      | Found a shadowy altar of Dithmenos.
  1804 | D:3      | Found Miutuhut's Antique Weapon Emporium.
  1821 | D:3      | Reached XP level 4. HP: 29/38 MP: 4/4
  1960 | D:3      | Found a blossoming altar of Fedhas.
  2076 | D:3      | Found Teufiuts's Magic Scroll Boutique.
  2338 | D:3      | Reached skill level 4 in Unarmed Combat
  2536 | D:3      | Reached XP level 5. HP: 29/46 MP: 5/5
  2638 | D:2      | Bought a +0 pair of gloves of strength for 126 gold pieces
  3261 | D:4      | Noticed Eustachio
  3283 | D:4      | Killed Eustachio
  3284 | D:4      | Reached skill level 5 in Fighting
  3284 | D:4      | Reached skill level 5 in Unarmed Combat
  3284 | D:4      | Reached XP level 6. HP: 46/56 MP: 6/6
  3352 | D:4      | Found Cioppue's Magic Scroll Shoppe.
  3401 | D:4      | Bought a scroll of teleportation for 33 gold pieces
  3680 | D:4      | Your scales start taking on a golden yellow colour.
  3680 | D:4      | Reached XP level 7. HP: 54/62 MP: 7/7
  3680 | D:4      | Gained mutation: You are resistant to acid. (rCorr) [Yellow
                  | Draconian growth]
  3729 | D:4      | Noticed Duvessa
  3855 | D:4      | Found a sparkling altar of Nemelex Xobeh.
  4056 | D:4      | Reached skill level 6 in Unarmed Combat
  4117 | D:4      | Noticed Dowan
  4126 | D:4      | Killed Duvessa
  4136 | D:4      | Killed Dowan
  4364 | D:5      | Entered Level 5 of the Dungeon
  4406 | D:5      | Reached skill level 7 in Unarmed Combat
  4445 | D:5      | Reached XP level 8. HP: 53/73 MP: 8/8
  4508 | D:5      | Found a burning altar of Makhleb.
  4596 | D:5      | Found a staircase to the Ecumenical Temple.
  4605 | Temple   | Entered the Ecumenical Temple
  4626 | Temple   | Became a worshipper of Ashenzari the Shackled
  4746 | D:5      | Found Yroitae's Assorted Antiques.
  4993 | D:5      | Bought a potion of curing for 84 gold pieces
  4993 | D:5      | Bought a potion of curing for 84 gold pieces
  5034 | D:5      | Identified the +7 hand axe of Ahemed {antimagic, rN+}
  5040 | D:5      | Found a snail-covered altar of Cheibriados.
  5464 | D:6      | Reached skill level 8 in Unarmed Combat
  5763 | D:6      | Reached * piety under Ashenzari
  5889 | D:4      | Bought a scroll of blinking for 82 gold pieces
  6665 | D:7      | Noticed a hornet
  7503 | D:7      | Identified the +8 hand axe of Subjectivity {freeze, rF+ rN+
                  | Int+5}
  7523 | D:7      | Reached XP level 9. HP: 85/85 MP: 9/9
  7542 | D:7      | Identified a scroll of acquirement
  7545 | D:7      | Reached skill level 9 in Unarmed Combat
  7785 | D:7      | Acquired the amulet of Zisuso {Acrobat +Blink Str+2 SInv}
  7978 | D:7      | Reached skill level 10 in Fighting
  8422 | D:7      | Paralysed by a hornet for 2 turns
  9140 | D:8      | Reached skill level 1 in Stealth
  9140 | D:8      | Reached skill level 10 in Unarmed Combat
  9262 | D:8      | Noticed Joseph
  9264 | D:8      | Found a flagged portal.
  9285 | D:8      | Killed Joseph
  9311 | Bailey   | Entered a bailey
  9921 | D:8      | Noticed Pikel
  9937 | D:8      | Killed Pikel
  9938 | D:8      | Reached XP level 10. HP: 57/97 MP: 8/10
 10219 | D:8      | Identified the +8 quarterstaff of Poderar {heavy, rPois}
 10571 | D:9      | Reached ** piety under Ashenzari
 10863 | D:9      | Reached skill level 11 in Unarmed Combat
 10877 | D:9      | Reached skill level 5 in Stealth
 11055 | D:9      | Found a bloodstained altar of Trog.
 11250 | D:9      | Found a staircase to the Orcish Mines.
 11716 | D:9      | Found a staircase to the Lair.
 12537 | D:9      | Found the +7 staff of the Meek {protect, meekguard}
 12615 | D:9      | Reached XP level 11. HP: 108/108 MP: 11/11
 12656 | D:10     | Entered Level 10 of the Dungeon
 13134 | D:10     | Noticed a two-headed ogre
 13788 | D:10     | Killed a two-headed ogre
 14038 | D:11     | Noticed a two-headed ogre
 14038 | D:11     | Noticed a two-headed ogre
 14185 | Lair:1   | Entered Level 1 of the Lair of Beasts
 14504 | Lair:1   | Reached skill level 12 in Unarmed Combat
 14542 | Lair:1   | Noticed a boulder beetle
 14557 | Lair:1   | Killed a boulder beetle
 14665 | Lair:1   | Found a dark tunnel.
 14665 | Lair:1   | Noticed a lindwurm
 14673 | Lair:1   | Killed a lindwurm
 14735 | Volcano  | Entered a volcano
 15050 | Lair:1   | Reached *** piety under Ashenzari
 15331 | Lair:2   | Noticed a skyshark
 15349 | Lair:2   | Noticed a skyshark
 15360 | Lair:2   | Killed a skyshark
 15687 | Lair:2   | Killed a skyshark
 16554 | Lair:2   | Reached skill level 13 in Unarmed Combat
 16554 | Lair:2   | Reached XP level 12. HP: 124/124 MP: 12/12
 16950 | Lair:3   | Reached **** piety under Ashenzari
 17024 | Lair:3   | Found a gate leading to a gauntlet.
 17049 | Gauntlet | Entered a Gauntlet
 17049 | Gauntlet | Found a transporter.
 17049 | Gauntlet | Found a transporter.
 17049 | Gauntlet | Found a large runed translucent door.
 17049 | Gauntlet | Found a large runed translucent door.
 17049 | Gauntlet | Found a large runed translucent door.
 17049 | Gauntlet | Found a large runed translucent door.
 17049 | Gauntlet | Found a large runed translucent door.
 17049 | Gauntlet | Found a large runed translucent door.
 17049 | Gauntlet | Found a runed translucent door.
 17049 | Gauntlet | Found a runed translucent door.
 17049 | Gauntlet | Found a large runed translucent door.
 17049 | Gauntlet | Found a large runed translucent door.
 17049 | Gauntlet | Found a large runed translucent door.
 17049 | Gauntlet | Found a large runed translucent door.
 17049 | Gauntlet | Found a large runed translucent door.
 17049 | Gauntlet | Found a large runed translucent door.
 17053 | Gauntlet | Found a transporter.
 17053 | Gauntlet | Found a transporter.
 17058 | Gauntlet | Found a large runed translucent door.
 17058 | Gauntlet | Found a large runed translucent door.
 17059 | Gauntlet | Found a runed translucent gate.
 17059 | Gauntlet | Found a runed translucent gate.
 17059 | Gauntlet | Found a runed translucent gate.
 17060 | Gauntlet | Identified the ring "Caedac" {rElec SInv}
 17061 | Gauntlet | Found a transporter.
 17061 | Gauntlet | Identified the Grimoire of Foul Malediction
 17081 | Gauntlet | Found a transporter.
 17082 | Gauntlet | Noticed a dire elephant
 17169 | Gauntlet | Found a transporter.
 17215 | Gauntlet | Found a transporter.
 17232 | Gauntlet | Killed a dire elephant
 17400 | Gauntlet | Found a transporter.
 17404 | Gauntlet | Identified the amulet of Midsummer {rElec Regen+ Str+2}
 17426 | Gauntlet | Found a transporter.
 17434 | Gauntlet | Found a transporter.
 17442 | Gauntlet | Found a transporter.
 17471 | Gauntlet | Noticed a minotaur
 17502 | Gauntlet | Killed a minotaur
 18208 | Lair:3   | Reached skill level 15 in Fighting
 18208 | Lair:3   | Reached skill level 14 in Unarmed Combat
 18812 | Lair:3   | Found a staircase to the Shoals.
 18959 | Lair:3   | Found a hole to the Spider Nest.
 19222 | Lair:4   | Noticed a death yak
 19222 | Lair:4   | Noticed a death yak
 19235 | Lair:4   | Noticed a death yak
 19235 | Lair:4   | Noticed a death yak
 19242 | Lair:4   | Killed a death yak
 19246 | Lair:4   | Killed a death yak
 19250 | Lair:4   | Noticed a death yak
 19253 | Lair:4   | Noticed a death yak
 19255 | Lair:4   | Killed a death yak
 19256 | Lair:4   | Noticed a death yak
 19257 | Lair:4   | Noticed a death yak
 19262 | Lair:4   | Killed a death yak
 19269 | Lair:4   | Killed a death yak
 19274 | Lair:4   | Killed a death yak
 19280 | Lair:4   | Killed a death yak
 19281 | Lair:4   | Reached XP level 13. HP: 53/139 MP: 5/13
 19606 | Lair:4   | Reached skill level 15 in Unarmed Combat
 19961 | Lair:4   | Noticed a fire dragon
 20008 | Lair:4   | Killed a fire dragon
 20983 | Lair:4   | Found a runed translucent door.
 20984 | Lair:4   | Found a viscous altar of Jiyva.
 20986 | Lair:4   | Found a staircase to the Slime Pits.
 20986 | Lair:4   | Noticed an acid blob
 21286 | Lair:5   | Entered Level 5 of the Lair of Beasts
 21460 | Lair:5   | Reached skill level 16 in Unarmed Combat
 22128 | Lair:5   | Paralysed by a hornet for 2 turns
 22614 | Lair:5   | Reached skill level 1 in Shields
 23184 | Lair:5   | Paralysed by a hornet for 2 turns
 23623 | Lair:5   | Gained mutation: You have acidic saliva. [Yellow Draconian
                  | growth]
 23623 | Lair:5   | Reached XP level 14. HP: 145/152 MP: 12/14
 23913 | Lair:5   | Reached ***** piety under Ashenzari
 24825 | D:11     | Found a runed translucent gate.
 24825 | D:11     | Found a runed translucent gate.
 24825 | D:11     | Found a runed translucent gate.
 24838 | D:11     | Acquired 819 gold pieces
 24849 | D:11     | Noticed Paacetobla's ghost (novice GrGl)
 24863 | D:11     | Reached skill level 17 in Unarmed Combat
 24998 | D:11     | Noticed Sonja
 25037 | D:11     | Killed Sonja
 25679 | D:11     | Reached skill level 1 in Evocations
 25689 | D:11     | Killed Paacetobla's ghost
 26379 | D:12     | Identified the Notes on the Salvo and Weather
 27626 | D:13     | Reached skill level 5 in Throwing
 27696 | D:13     | Found Zin's Purification Station.
 27697 | D:13     | Found a glowing silver altar of Zin.
 27703 | D:13     | Bought a potion of curing for 90 gold pieces
 27831 | D:14     | Found a gate to the Vaults.
 28559 | D:14     | Reached XP level 15. HP: 133/166 MP: 12/16
 29360 | D:14     | Found an ornate altar of the Wu Jian Council.
 29454 | D:15     | Entered Level 15 of the Dungeon
 29536 | D:15     | Found an iron altar of Okawaru.
 29712 | D:15     | Reached skill level 18 in Unarmed Combat
 30513 | D:15     | Found a staircase to the Depths.
 30975 | Orc:1    | Entered Level 1 of the Orcish Mines
 31136 | Orc:1    | Noticed Josephine
 31141 | Orc:1    | Noticed Snorg
 31150 | Orc:1    | Killed Josephine
 31179 | Orc:1    | Killed Snorg
 32072 | Orc:2    | Entered Level 2 of the Orcish Mines
 32460 | Orc:2    | Noticed Nessos
 32463 | Orc:2    | Noticed Azrael
 32528 | Orc:1    | Killed Azrael
 33624 | Orc:1    | Identified the cursed +0 cloak "Sidereal Jealousy" {Self,
                  | Alch} (You found it on level 4 of the Dungeon)
 33624 | Orc:1    | Identified the cursed +0 hat of the Oracular Sky {Bglg,
                  | Self}
 33624 | Orc:1    | Identified the cursed +3 buckler "Behold Eternity" {Melee,
                  | Fort} (You took it off a spriggan on level 5 of the Lair of
                  | Beasts)
 34089 | Orc:2    | Found Xoreidi's General Store.
 34174 | Orc:2    | Killed Nessos
 34374 | Orc:2    | Found Cediymy's Antique Weapon Shop.
 34446 | Orc:2    | Found a staircase to the Elven Halls.
 34460 | Orc:2    | Reached skill level 1 in Spellcasting
 34484 | Orc:1    | Noticed Jorgrun
 34502 | Orc:1    | Killed Jorgrun
 34603 | Orc:2    | Noticed Rupert
 34603 | Orc:2    | Paralysed by Rupert for 4 turns
 35116 | Orc:2    | Found Jutargh's Book Boutique.
 35429 | Orc:2    | Killed Rupert
 35516 | Orc:2    | Found Gyffean's Antique Armour Boutique.
 35939 | Orc:1    | Noticed Erica
 35949 | Orc:1    | Killed Erica
 36309 | D:3      | Bought a scroll of blinking for 105 gold pieces
 36309 | D:3      | Bought a scroll of teleportation for 42 gold pieces
 36309 | D:3      | Bought a scroll of teleportation for 42 gold pieces
 36830 | Spider:1 | Entered Level 1 of the Spider Nest
 36830 | Spider:1 | Identified the +2 robe "Nirapt" {Dex+5}
 38377 | Spider:1 | Reached XP level 16. HP: 178/178 MP: 27/27
 38959 | Spider:1 | Reached skill level 19 in Unarmed Combat
 40960 | Spider:2 | Identified the +9 whip of Purpose {flame, Fly Str+4 SInv
                  | Stlth-}
 43226 | Spider:3 | Reached skill level 5 in Evocations
 43625 | Spider:3 | Reached skill level 5 in Dodging
 44272 | Spider:3 | Reached skill level 5 in Spellcasting
 45449 | Spider:3 | Noticed Mlioglotl
 45467 | Spider:3 | Reached XP level 17. HP: 152/188 MP: 27/31
 46877 | Spider:4 | Entered Level 4 of the Spider Nest
 46908 | Spider:3 | Killed Mlioglotl
 48342 | D:2      | Bought a +2 pair of boots for 181 gold pieces
 48644 | Spider:4 | Noticed Agnes
 48655 | Spider:3 | Killed Agnes
 52213 | Spider:4 | Got a gossamer rune of Zot
 52955 | Shoals:1 | Entered Level 1 of the Shoals
 54248 | Shoals:2 | Noticed Louise
 54266 | Abyss:2  | Found a corrupted altar of Lugonu.
 54266 | Abyss:2  | Cast into level 2 of the Abyss (Louise)
 54373 | Shoals:2 | Escaped the Abyss
 54398 | Shoals:2 | Killed Louise
 55065 | Shoals:2 | Reached XP level 18. HP: 173/198 MP: 28/34
 55157 | Shoals:2 | Found Oroyf's CLEARANCE SALE!.
 55173 | Shoals:2 | Bought a potion of invisibility for 24 gold pieces
 56116 | Shoals:3 | Found Ucy Agro's Assorted Antiques.
 56130 | Shoals:3 | Bought a large platinum amulet for 195 gold pieces
 56130 | Shoals:3 | Bought a potion of curing for 117 gold pieces
 56130 | Shoals:3 | Bought an embroidered cloak for 292 gold pieces
 56130 | Shoals:3 | Bought a scroll of blinking for 292 gold pieces
 56453 | Shoals:4 | Entered Level 4 of the Shoals
 56779 | Shoals:4 | Got a barnacled rune of Zot
 57268 | Shoals:4 | Found Bogeedu's Antique Armour Emporium.
 57752 | Shoals:4 | Noticed Ilsuiw
 57768 | Shoals:4 | Killed Ilsuiw
 59586 | Shoals:4 | Identified the +4 short sword "Unnunev" {protect, Int+3}
 60211 | Elf:1    | Entered Level 1 of the Elven Halls
 60222 | Elf:1    | Reached skill level 5 in Shields
 60391 | Elf:1    | Noticed Zenata
 60397 | Elf:1    | Killed Zenata
 61183 | Elf:1    | Found Xomn's Jewellery Shop.
 62182 | Elf:2    | Reached XP level 19. HP: 202/203 MP: 33/35
 62191 | Elf:2    | Found a runed translucent gate.
 62195 | Elf:2    | Found a runed translucent gate.
 62195 | Elf:2    | Found a runed translucent gate.
 62447 | Elf:2    | Found Koav's Book Emporium.
 62452 | Elf:2    | Bought a manual of Spellcasting for 1200 gold pieces
 62455 | Elf:2    | Learned a level 2 spell: Blink
 62725 | Elf:3    | Entered Level 3 of the Elven Halls
 63085 | Elf:2    | Reached skill level 1 in Translocations
 63470 | Elf:3    | Reached skill level 10 in Shields
 63652 | Elf:3    | Found Zyddouph's Weapon Shoppe.
 63763 | Elf:3    | Found Agenuk's Jewellery Shoppe.
 63764 | Elf:3    | Found Tufan's Book Shop.
 63765 | Elf:3    | Found Vieczic's Jewellery Shoppe.
 63780 | Elf:3    | Bought the amulet of the Quiescent God {Spirit Str+3} for
                  | 649 gold pieces
 64640 | Elf:3    | Identified the staff of death "Tatytah" {rN+ rCorr Dex+3}
 64640 | Elf:3    | Identified the ring "Viqick" {rPois rF+ rN+ Str+5 Dex-2
                  | Stlth+}
 64652 | Elf:3    | Identified the +0 scimitar of the Shimmering Seer {protect,
                  | rC- rN+++ Int+2 Dex+2}
 64653 | Elf:3    | Identified the ring "Vaoget" {Int+2 Dex+3 SInv}
 64656 | Abyss:3  | Cast into level 3 of the Abyss (a deep elf sorcerer)
 64754 | Abyss:3  | Noticed a bone dragon
 64759 | Elf:3    | Escaped the Abyss
 65384 | Elf:3    | Identified the +10 spear "Dicoequ" {speed, rF- Will+ Dex+3}
 65384 | Elf:3    | Identified the ring "Cydocuc" {rCorr Str-3 Int+3 Dex+5
                  | Stlth+}
 65384 | Elf:3    | Identified the +2 broad axe of the Enormous God {freeze,
                  | Fly}
 65634 | Elf:3    | Noticed a Brimstone Fiend
 65872 | Elf:3    | Identified the +5 battleaxe "Wug Leic" {drain, rPois Int+2}
 66054 | Elf:3    | Identified the +0 robe of Starshine {Rampage rF- Dex+5
                  | SInv}
 66093 | Abyss:3  | Cast into level 3 of the Abyss (a deep elf demonologist)
 66176 | Elf:3    | Escaped the Abyss
 66180 | Elf:3    | Reached skill level 5 in Translocations
 66188 | Elf:3    | Identified the +0 robe of Zodadgh {rF++ Will+ Slay+2}
 66423 | Elf:3    | Identified the +6 sling of Awkwardness {flame, +Blink
                  | rElec}
 66423 | Elf:3    | Identified the +1 pair of gloves of Hyamputz {rPois rC++
                  | rCorr}
 66423 | Elf:3    | Identified Paatenen's Atlas of Places
 66476 | Elf:3    | Reached skill level 10 in Spellcasting
 66484 | Elf:3    | Identified the staff of air "Ajoxusui" {rElec rF+ Int+4}
 66484 | Elf:3    | Identified the Encyclopedia of Energetic Configuration
 66754 | Elf:3    | Upgraded the game from 0.30-a0-1043-g60ff8d5f49 to
                  | 0.30-a0-1053-gbd8d5ba0ad
 67079 | Vaults:1 | Entered Level 1 of the Vaults
 68778 | Vaults:2 | Found Fiasul's Antique Armour Emporium.
 68919 | Vaults:2 | Reached XP level 20. HP: 205/209 MP: 37/39
 69146 | Vaults:2 | Found a crumbling gateway.
 69188 | Desolati | Entered the Desolation of Salt
 69257 | Desolati | Upgraded the game from 0.30-a0-1053-gbd8d5ba0ad to
                  | 0.30-a0-1066-g63dfefce0d
 69739 | Desolati | Identified the Catalogue of Combined Breath
 69741 | Desolati | Identified the ring of Amelioration {Fly rElec rC+}
 69969 | Desolati | Identified the amulet of Vofy {RegenMP Slay+2 Stlth+}
 69969 | Desolati | Identified the ring of Wuteosur {Fly rC+ Int+4 Dex-2}
 69971 | Desolati | Identified the Precepts of Cleavage and Soot
 69988 | Desolati | Identified the staff of poison "Goduuh" {rElec rPois rC-
                  | Will+}
 70128 | Desolati | Identified the Vellum of Fever and Attendants
 70128 | Desolati | Identified the +6 scimitar of Offence {freeze, +Blink}
 70406 | Vaults:2 | Found Cafown's Antique Weapon Boutique.
 70433 | Vaults:2 | Found Poamn's Book Shoppe.
 70674 | Vaults:2 | Reached skill level 15 in Shields
 70977 | Abyss:3  | Cast into level 3 of the Abyss (a wizard)
 70980 | Abyss:3  | Found a corrupted altar of Lugonu.
 71062 | Abyss:3  | Gained mutation: You are robust. (+10% HP) [a neqoxec]
 71320 | Abyss:3  | Noticed a bone dragon
 71332 | Abyss:3  | Killed a bone dragon
 71379 | Abyss:3  | Found a corrupted altar of Lugonu.
 71612 | Abyss:3  | Paralysed by a great orb of eyes for 3 turns
 71623 | Vaults:2 | Escaped the Abyss
 71809 | Vaults:2 | Found a staircase to the Crypt.
 72084 | Vaults:2 | Identified the +4 arbalest of Saffurch {flame, Contam
                  | Will++ Str+3 Dex+2}
 72640 | Vaults:2 | Reached skill level 10 in Evocations
 72751 | Vaults:2 | Reached XP level 21. HP: 237/237 MP: 40/40
 73004 | Vaults:3 | Found Tutik's Antique Weapon Emporium.
 73156 | Vaults:3 | Reached skill level 10 in Dodging
 75320 | Vaults:4 | Found a transporter.
 75322 | Vaults:4 | Noticed a dread lich
 75329 | Vaults:4 | Found a transporter.
 75329 | Vaults:4 | Identified the +5 morningstar of Dulovuhu {freeze, Int+2}
 75808 | Vaults:4 | Learned a level 2 spell: Lesser Beckoning
 75810 | Vaults:4 | Learned a level 1 spell: Apportation
 75813 | Vaults:4 | Learned a level 2 spell: Momentum Strike
 75818 | Vaults:4 | Learned a level 4 spell: Passage of Golubria
 76455 | Elf:2    | Reached skill level 10 in Throwing
 78877 | Vaults:5 | Entered Level 5 of the Vaults
 79328 | Orc:2    | Bought a There-And-Back Book for 420 gold pieces
 79436 | Elf:3    | Bought an Inescapable Atlas for 448 gold pieces
 79440 | Elf:3    | Learned a level 3 spell: Portal Projectile
 79445 | Elf:3    | Learned a level 4 spell: Manifold Assault
 79449 | Elf:3    | Learned a level 3 spell: Vhi's Electric Charge
 79453 | Elf:3    | Learned a level 3 spell: Volatile Blastmotes
 80212 | Vaults:4 | Reached XP level 22. HP: 65/246 MP: 10/43
 80788 | Vaults:4 | Reached skill level 10 in Stealth
 81615 | Vaults:5 | Identified the +12 plate armour of Parts Unknown {Rampage
                  | Regen+ Int+3}
 81649 | Vaults:5 | Identified the staff of earth "Nyfes" {Fragile rF+++ Str-5
                  | Stlth+}
 81687 | Vaults:5 | Identified the +0 plate armour of Siery {Slay+5}
 81728 | Abyss:3  | Cast into level 3 of the Abyss (a deep elf sorcerer)
 81737 | Vaults:5 | Escaped the Abyss
 81740 | Vaults:5 | Identified the staff of death "Rott" {Fly rF+ rN+ Int+4
                  | Dex-3}
 82317 | Vaults:5 | Noticed a golden dragon
 82340 | Vaults:5 | Killed a golden dragon
 82587 | Vaults:5 | Noticed an ancient lich
 82598 | Vaults:5 | Killed an ancient lich
 82630 | Vaults:5 | Identified the +1 battleaxe of the Poles {flame, +Blink
                  | rF++}
 82963 | Vaults:5 | Found Zukec's General Store.
 82971 | Vaults:5 | Bought a wand of iceblast (2) for 96 gold pieces
 82971 | Vaults:5 | Bought a wand of acid (3) for 252 gold pieces
 83186 | Vaults:5 | Noticed an ancient lich
 83198 | Vaults:5 | Killed an ancient lich
 83222 | Vaults:5 | Identified the staff of poison "Fovethor" {rPois Will+}
 83235 | Vaults:5 | Identified the +3 ring mail of Parts Unknown {rN+}
 83245 | Vaults:5 | Got a silver rune of Zot
 83296 | Vaults:5 | Identified the +2 dagger "Tormentor" {chaos, Contam rElec
                  | Str+3}
 84036 | Vaults:5 | Noticed a golden dragon
 84043 | Vaults:5 | Killed a golden dragon
 84317 | Depths:1 | Entered Level 1 of the Depths
 86684 | Depths:1 | Reached skill level 15 in Spellcasting
 86684 | Depths:1 | Reached XP level 23. HP: 255/255 MP: 46/46
 86730 | Depths:1 | Found a one-way gateway to a ziggurat.
 87218 | Depths:1 | Found Ownimaff's Jewellery Shoppe.
 87484 | Depths:1 | Found a sacrificial altar of Ru.
 87632 | Depths:1 | Found a gateway to Hell.
 88224 | Depths:2 | Found a one-way gate leading to the halls of Pandemonium.
 88838 | Depths:2 | Noticed Asterion
 88848 | Depths:2 | Killed Asterion
 88934 | Depths:2 | Found a runed translucent gate.
 88934 | Depths:2 | Found a runed translucent gate.
 88934 | Depths:2 | Found a runed translucent gate.
 88935 | Depths:2 | Found an ancient bone altar of Kikubaaqudgha.
 88935 | Depths:2 | Identified Kikubaaqudgha's Catalogue of the Grave
 88936 | Depths:2 | Noticed Miownoin's ghost (master GrFi)
 88936 | Depths:2 | Identified the ring "Avvoer" {Fire rPois}
 88936 | Depths:2 | Identified the staff of earth "Zupo" {rCorr MP-9 Int+2
                  | Dex+2}
 88936 | Depths:2 | Identified the +0 helmet of Circular Logic {Stlth+}
 88937 | Depths:2 | Noticed an ancient lich
 88937 | Depths:2 | Noticed a dread lich
 88937 | Depths:2 | Found the +6 lightning scales {swift, rElec}
 89281 | Depths:2 | Killed an ancient lich
 89663 | Depths:2 | Found a hide-covered altar of Uskayaw.
 89726 | Depths:2 | Killed a dread lich
 89917 | Depths:3 | Reached skill level 15 in Dodging
 91679 | Depths:3 | Reached XP level 24. HP: 193/266 MP: 46/48
 92546 | Depths:3 | Reached skill level 20 in Unarmed Combat
 93263 | Depths:4 | Entered Level 4 of the Depths
 94380 | Depths:4 | Identified the +4 lajatang of the Spider Nest {protect,
                  | rPois rC+ Stlth-}
 94594 | Depths:4 | Found a broken altar of Ashenzari.
 94760 | Depths:4 | Found a gate to the Realm of Zot.
 94976 | Depths:4 | Upgraded the game from 0.30-a0-1066-g63dfefce0d to
                  | 0.30-a0-1074-g5db6f66fbb
 95602 | Slime:1  | Entered Level 1 of the Pits of Slime
 95704 | Slime:2  | Reached skill level 21 in Unarmed Combat
 96208 | Slime:5  | Entered Level 5 of the Pits of Slime
 96215 | Slime:5  | Gained mutation: Your body sometimes deteriorates upon
                  | taking damage. [a shining eye]
 96235 | Slime:5  | Gained mutation: Your flesh is heat resistant. (rF+) [a
                  | shining eye]
 96237 | Slime:5  | Gained mutation: Your magical capacity is low. (-10% MP) [a
                  | shining eye]
 96238 | Slime:5  | Gained mutation: Potions are less effective at restoring
                  | your health. [a shining eye]
 96444 | Slime:5  | Paralysed by a great orb of eyes for 5 turns
 96536 | Slime:5  | Reached skill level 22 in Unarmed Combat
 96604 | Slime:5  | Noticed the Royal Jelly
 96626 | Slime:5  | Killed the Royal Jelly
 96634 | Slime:5  | HP: 8/269 [acid blob/splash of acid[the Royal Jelly] (8)]
 97087 | Slime:5  | Identified Wewnademi's Folio of Damage
 97089 | Slime:5  | Identified the ring of Wosagaw {rCorr AC+4 Int-5 Slay+3}
 97092 | Slime:5  | Identified the +5 lajatang of Excruciating Pain {drain,
                  | *Corrode Fly rN+}
 97092 | Slime:5  | Identified the ring of Bopter {rC+ Str+5 Dex+6}
 97127 | Slime:5  | Got a slimy rune of Zot
 98020 | Slime:1  | Lost mutation: You are robust. (+10% HP) [a shining eye]
 98024 | Slime:1  | Gained mutation: Your magical capacity is very low. (-20%
                  | MP) [a shining eye]
 98482 | Hell     | Entered the Vestibule of Hell
 98482 | Hell     | Noticed Geryon
 98545 | Depths:1 | Reached skill level 23 in Unarmed Combat
 98551 | Depths:1 | Reached XP level 25. HP: 237/253 MP: 36/38
 99142 | Depths:1 | Reached skill level 1 in Fire Magic
 99212 | Depths:1 | Reached skill level 1 in Hexes
100326 | Hell     | Killed Geryon
102077 | Hell     | Found a gateway to the freezing wastes of Cocytus.
102261 | Hell     | Found a gateway to the Iron City of Dis.
102300 | Hell     | Found a gateway to the ashen valley of Gehenna.
102471 | Hell     | Found a gateway to the decaying netherworld of Tartarus.
102746 | Depths:1 | Upgraded the game from 0.30-a0-1074-g5db6f66fbb to
                  | 0.30-a0-1075-gcd70e7a56d
102757 | Zig:1    | Entered Level 1 of a ziggurat
102777 | Zig:2    | Entered Level 2 of a ziggurat
102809 | Zig:3    | Entered Level 3 of a ziggurat
103233 | Zig:4    | Entered Level 4 of a ziggurat
103235 | Zig:4    | Identified the +2 robe of Untold Secrets {Harm *Slow rElec}
103240 | Zig:4    | Paralysed by an air elemental for 1 turns
103254 | Zig:4    | Reached skill level 1 in Air Magic
103575 | Zig:5    | Entered Level 5 of a ziggurat
103582 | Zig:5    | Noticed Kakiubub the pandemonium lord
103591 | Zig:5    | Found the +8 demon trident "Rift" {distort, reach+}
103595 | Zig:5    | Killed Kakiubub the pandemonium lord
103932 | Zig:6    | Entered Level 6 of a ziggurat
103938 | Zig:6    | Found the +8 mithril axe "Arga" {speed, Will+}
104004 | Zig:7    | Entered Level 7 of a ziggurat
104009 | Zig:7    | Noticed a royal mummy
104010 | Zig:7    | Identified Sif Muna's Secrets of Firn
104025 | Zig:7    | Killed a royal mummy
104615 | Depths:2 | Killed Miownoin's ghost
105016 | Zot:1    | Entered Level 1 of the Realm of Zot
105540 | Depths:4 | Reached skill level 5 in Fire Magic
107109 | Zot:1    | Reached skill level 5 in Hexes
107956 | Zot:2    | Noticed a Killer Klown
107967 | Zot:2    | Killed a Killer Klown
108016 | Zot:2    | Identified the ring "Iwutih" {rC+++ EV+5}
108442 | Zot:2    | Found a transporter.
108448 | Zot:2    | Noticed Zeaxzic Paph's ghost (veteran OgBe)
108448 | Zot:2    | Noticed an orb of fire
108458 | Zot:2    | Noticed Kawoqao's ghost (legendary MiBe)
108460 | Zot:2    | Noticed an orb of fire
108475 | Zot:2    | Found a transporter.
108522 | Zot:2    | Reached skill level 5 in Air Magic
108827 | Zot:2    | Upgraded the game from 0.30-a0-1075-gcd70e7a56d to
                  | 0.30-a0-1082-g70414cbcbb
109587 | Zot:3    | Reached XP level 26. HP: 255/261 MP: 37/38
109892 | Zot:3    | HP: 7/261 [electric golem/bolt of lightning (19)]
109894 | Zot:3    | HP: 1/261 [electric golem/bolt of lightning (17)]
113480 | Zot:5    | Entered Level 5 of the Realm of Zot
114854 | Zot:5    | Noticed a dread lich
115042 | Zot:5    | Noticed an ancient lich
115056 | Zot:5    | Killed an ancient lich
115079 | Zot:5    | Noticed an orb of fire
115103 | Zot:5    | Killed an orb of fire
115799 | Zot:5    | Noticed an ancient lich
116090 | Zot:5    | Noticed a dread lich
116103 | Zot:5    | Killed a dread lich
116118 | Zot:5    | Noticed a dread lich
116128 | Zot:5    | Noticed an orb of fire
116128 | Zot:5    | Killed a dread lich
116136 | Zot:5    | Gained mutation: Your body often deteriorates upon taking
                  | damage. [an orb of fire]
116138 | Zot:5    | Gained mutation: You are dopey. (Int -2) [an orb of fire]
116139 | Zot:5    | Killed an orb of fire
116145 | Zot:5    | Got the Orb of Zot
116193 | Zot:5    | Noticed a seraph
116431 | Depths:4 | Reached XP level 27. HP: 217/269 MP: 40/40
116475 | Depths:3 | Noticed Riuruh the pandemonium lord
116492 | Depths:3 | Killed Riuruh the pandemonium lord
116635 | D:15     | Gained mutation: You are clumsy. (Dex -2) [a neqoxec]
116945 | D:8      | Noticed Veow the pandemonium lord
117019 | D:6      | Noticed Yfuusagg the pandemonium lord
117186 | D:1      | Gained mutation: You are weak. (Str -2) [a neqoxec]
117213 | D:$      | Escaped with the Orb!

Illustrated notes

Levels and vault maps discovered:
D:1:      minmay_arrival_shoal_huts, layout_loops_ring
D:2:      layout_basic, basic_altar, serial_forest, infiniplex_forest_3_way,
          infiniplex_forest_lined_corner, infiniplex_forest_end_1,
          infiniplex_forest_lined_room_2, infiniplex_forest_clump_diagonal,
          infiniplex_forest_end_1, serial_shops, shop_fountains
D:3:      minmay_goblin_kobold_castle, layout_loops_corners,
          mainiacjoe_overflow_alcove_1, serial_shops,
          nicolae_shop_hallway_stairs, shop
D:4:      minmay_chambers_of_threes, layout_basic,
          mainiacjoe_overflow_cross_hatched, serial_shops, shop,
          chequers_serial_rivers_micro_c, uniq_eustachio, uniq_duvessa
D:5:      layout_gridville, lemuel_doored_altar, makhleb_grotto_becter,
          minmay_temple_entry_sparse_star, serial_glass, glass_columns_b,
          glass_columns_a, serial_shops, shop, skrybe_limestone_x,
          serial_bayou_pond_c, minmay_misc_feat_enclosed, hex_medium,
          eino_curves_04
D:6:      layout_layer_cave, lemuel_flame_loot_1
D:7:      layout_loops_corners, centaur_isle
D:8:      layout_rooms, enter_bailey_2, uniq_pikel, uniq_joseph
D:9:      layout_roguey, lightli_temple_of_fire, lair_entry_dummy, orc_0_dummy,
          special_room [special_room_bee], pf_guarded_unrand_meek
D:10:     layout_rooms, special_room [special_room_orc]
D:11:     layout_basic, gammafunk_ghost_hydra_chop, uniq_sonja
D:12:     layout_gridville
D:13:     layout_loops_ring, zin_purify
D:14:     layout_loops_ring, lightli_vaults_fourway_checkpoint,
          nicolae_wu_jian_glorious_leap
D:15:     grunt_enter_depths_hoard, layout_rooms, serial_co_window_serial,
          co_window_paths_a, co_window_of_opportunity_a,
          co_window_of_opportunity_a, co_window_paths_a,
          co_window_of_opportunity_a, co_window_corner_b, co_window_corner_ca,
          co_window_corner_cb, co_window_2corner, co_window_broadway_b,
          co_window_broadway_c, glass_columns_b, glass_columns_a,
          okawaru_gym_becter
Temple:   sentei_temple_godly_chess
Lair:1:   layout_loops_ring, nicolae_volcano_entry_vermiform, st_stairs_7
Lair:2:   layout_small_grid, serial_forest, infiniplex_forest_end_1,
          infiniplex_forest_clump_curved, infiniplex_forest_lined_4_way,
          infiniplex_forest_pool, infiniplex_forest_clump_large,
          infiniplex_forest_clump_medium
Lair:3:   layout_regular_city, minmay_shoals_entry_centaurs,
          hellmonk_spider_entry_life_and_decay, gauntlet_entry_generic,
          wad_woods_road_04, grunt_megastairs_3
Lair:4:   hellmonk_destroyed_diamonds, layout_cave_pods, slime_entry_2,
          bobbens_dragon_lair_wall
Lair:5:   minmay_lair_end_enchanted_forest, layout_gridlike, patterned_corridor,
          grunt_megastairs_2
Shoals:1: layout_shoals, nicolae_shoals_wave_tunnel
Shoals:2: layout_shoals, nicolae_shop_clearance, uniq_louise
Shoals:3: layout_shoals, serial_shops, shop, hangedman_shoals_cup_caves
Shoals:4: shoals_end_simple, layout_shoals, shoals_ilsuiw_alternative,
          serial_shops, nicolae_shop_window_shopping
Spider:1: layout_spider_delve, nicolae_spider_orb_run
Spider:2: layout_spider_delve, drop_trap
Spider:3: layout_cave_pods, nicolae_spider_shape, uniq_mlioglotl
Spider:4: floodkiller_spider_rune_tomb, uniq_agnes
Slime:1:  layout_caves
Slime:2:  layout_caves
Slime:3:  layout_caves, basic_altar
Slime:4:  layout_caves, nicolae_slime_welcoming_committee
Slime:5
Orc:1:    layout_diamond_mine, uniq_erica, uniq_jorgrun, uniq_josephine,
          uniq_snorg
Orc:2:    grunt_orc_gardens, layout_diamond_mine, grunt_orc_garden,
          grunt_orc_garden, grunt_orc_garden, grunt_orc_garden, uniq_azrael,
          uniq_nessos, uniq_rupert
Elf:1:    elf_arrival_001, layout_geoelf_grid, serial_shops,
          nicolae_shop_hallway_plus, minmay_elf_crystal_hexagon, uniq_zenata
Elf:2:    nicolae_elf_blades_crystal_corner, layout_onion_city, serial_shops,
          nicolae_shop_hallway_plus
Elf:3:    minmay_elf_hall_not_hex, layout_geoelf_diagonals, serial_shops,
          nicolae_shop_bloodbath_and_beyond, grunt_megastairs_5,
          minmay_shop_grove
Vaults:1: hangedman_vaults_unwind, vaults_mumra_minichess_inversion, v_misc_12,
          nicolae_vaults_bisected_exclaves, nicolae_vaults_little_squares_4,
          ontoclasm_vaults_spin, layout_vaults_omnigrid
Vaults:2: portal_desolation_entry_twin_temple, vaults_dpeg_hooks,
          nicolae_vaults_network_square, v_misc_31, hangedman_vaults_trim,
          v_misc_9, minmay_crypt_entry_nasty_monster, v_misc_11,
          nicolae_vaults_yaktaur_gun_rack, vaults_room_stairs_pillars,
          vaults_dpeg_cross, layout_vaults_chaotic_city, serial_shops,
          nicolae_shop_hallway_plus, shop_fountains,
          nicolae_shop_overgrown_old_shop
Vaults:3: hangedman_vaults_corner, v_misc_2, nicolae_vaults_network_s,
          v_misc_32, v_pattern_1, v_misc_13, nicolae_vaults_angled_halls,
          ontoclasm_vaults_ring_small, nicolae_vaults_diagonal_hallway_8,
          hangedman_vaults_variations, st_more_cells, layout_vaults_maze_snakey,
          serial_shops, nicolae_shop_overgrown_old_shop
Vaults:4: nicolae_vaults_shelves_hall, nicolae_vaults_little_squares_4,
          v_misc_11, vaults_room_grid, hangedman_vaults_restitches,
          gammafunk_sealed_arena, nicolae_vaults_little_ls, vaults_room_grid,
          nicolae_vaults_mini_display_case, v_misc_29, v_misc_14,
          layout_vaults_omnicross
Vaults:5: serial_shops
Depths:1: layout_cave_pools, enter_ziggurat_c, nicolae_ru_sacrificial_ziggurat,
          serial_shops, nicolae_shop_behind_doors, grunt_hell_entry_dis_grunt,
          kennysheep_generic_room_7
Depths:2: nicolae_cairo_tiling_very_big, layout_gridville,
          rand_demon_pan_entry_5, nicolae_uskayaw_suspiria,
          gammafunk_ghost_crypt, hangedman_tar_grid_catacomb, uniq_asterion
Depths:3: cheibrodos_spurs, layout_honeycomb, marbit_kobold_abyss_entry,
          nicolae_figureground_pulse, hell_entry,
          nicolae_kite_square_tiling_tiny
Depths:4: evilmike_zot_entry_diamond, layout_twisted_cross,
          hangedman_decor_lopped, hell_entry, rand_demon_pan_entry_4,
          corexii_leaking_fountain, serial_bayou_pond_d,
          cheibrodos_ashenzari_chains
Hell
Zot:1:    layout_concentric_octagons
Zot:2:    lemuel_draconian_sentries, layout_twisted_circle, nzn_ghost_randoct,
          st_single_dragon_hoard_1, uniq_josephina
Zot:3:    layout_onion_interference
Zot:4:    layout_basic
Zot:5:    layout_cathedral_of_symmetry

Skill      XL: |  1  2  3  4  5  6  7  8  9 10 11 12 13 14 15 16 17 18 19 20 21 22 23 24 25 26 |
---------------+-------------------------------------------------------------------------------+-----
Throwing       | 2 4 5 6 7 8 9 10 11 13 14 | 14.4
Dodging        | 3 4 5 7 9 12 15 17 18 | 18.0
Fighting       | 3 4 5 7 9 11 12 13 16 17 18 20 21 22 | 22.2
Unarmed Combat | 4 5 7 8 10 11 13 14 16 17 18 19 23 | 23.0
Stealth        | 3 6 7 9 12 | 12.9
Shields        | 2 3 9 12 17 | 17.0
Evocations     | 4 5 8 9 10 12 13 | 13.0
Spellcasting   | 3 5 7 11 13 15 17 19 | 19.9
Translocations | 6 7 8 |  8.0
Fire Magic     | 7 8 |  8.0
Hexes          | 6 8 |  8.0
Air Magic      | 5 |  5.0

Action                     |  1- 3 |  4- 6 |  7- 9 | 10-12 | 13-15 | 16-18 | 19-21 | 22-24 | 25-27 || total
---------------------------+-------+-------+-------+-------+-------+-------+-------+-------+-------++-------
  Melee: Unarmed           |   101 |   228 |   356 |   733 |  1198 |  1496 |  1608 |  1906 |  1384 ||  9010
         Tailslap          |     8 |    27 |    60 |   133 |   242 |   269 |   377 |   486 |   331 ||  1933
         Punch             |     2 |     5 |    22 |    78 |    20 |       |       |       |       ||   127
         Bite              |       |       |       |       |   127 |   227 |   284 |   383 |   261 ||  1282
         Whip              |       |       |       |       |       |     9 |       |       |       ||     9
  Throw: Throwing net      |     1 |     1 |     4 |     2 |     3 |       |       |       |       ||    11
         Javelin           |       |     1 |     9 |     3 |    14 |    44 |    27 |     7 |    12 ||   117
         Dart              |       |     1 |       |    33 |   171 |    69 |    20 |       |     1 ||   295
         Boomerang         |       |       |       |     1 |       |   141 |    65 |    77 |   129 ||   413
   Cast: Blink             |       |       |       |       |       |       |     6 |    10 |       ||    16
         Apportation       |       |       |       |       |       |       |     2 |     1 |       ||     3
         Volatile Blastmot |       |       |       |       |       |       |       |       |     2 ||     2
         Portal Projectile |       |       |       |       |       |       |       |       |     1 ||     1
 Invoke: Curse Item        |       |       |     2 |     4 |     1 |     3 |     4 |       |       ||    14
         Shatter the Chain |       |       |       |       |       |     2 |     4 |       |       ||     6
Ability: Breathe Acid      |       |       |     7 |    15 |    16 |    18 |    20 |    13 |    12 ||   101
  Evoke: Wand              |       |       |     9 |     1 |    15 |    20 |     3 |       |    29 ||    77
         Box of beasts     |       |       |       |       |     3 |     5 |     2 |       |     2 ||    12
         Condenser vane    |       |       |       |       |       |       |     5 |     4 |     3 ||    12
         Tin of tremorston |       |       |       |       |       |       |     4 |     2 |     3 ||     9
         Lightning rod     |       |       |       |       |       |       |       |       |    12 ||    12
         Phial of floods   |       |       |       |       |       |       |       |       |     1 ||     1
         Phantom mirror    |       |       |       |       |       |       |       |       |     2 ||     2
    Use: Scroll            |       |     7 |     7 |     5 |    16 |     9 |    10 |     5 |    18 ||    77
         Potion            |       |     2 |     5 |     2 |    12 |     5 |    13 |     9 |    15 ||    63
   Stab: Sleeping          |     3 |     1 |       |    12 |    14 |    36 |    36 |    42 |    20 ||   164
         Held in net/web   |       |     2 |     2 |       |       |       |       |       |       ||     4
         Distracted        |       |       |     1 |     1 |     4 |     6 |    14 |     8 |     5 ||    39
         Paralysed         |       |       |       |       |     3 |     2 |       |       |       ||     5
         Invisible         |       |       |       |       |       |       |     3 |       |       ||     3
         Confused          |       |       |       |       |       |       |       |       |     1 ||     1
 Armour: Skin              |    19 |    57 |   109 |   256 |   417 |   495 |   381 |   526 |   504 ||  2764
  Dodge: Dodged            |    67 |   136 |   228 |   514 |   648 |   839 |   584 |   697 |   779 ||  4492
  Block: Buckler           |       |       |       |       |   462 |   596 |    72 |       |       ||  1130
         Tower shield      |       |       |       |       |       |       |  1226 |  1656 |  1466 ||  4348

Table legend: (Time is in decaauts)
 A = Elapsed time spent in this place.
 B = Non-inter-level travel time spent in this place.
 C = Inter-level travel time spent in this place.
 D = Time resting spent in this place.
 E = Time spent auto-exploring this place.
 F = Levels seen in this place.
 G = Mean time per level.
                   A        B        C        D        E       F      G
               +--------+--------+--------+--------+--------+-----+--------+
         Total | 115044 | 105922 |   9122 |  47598 |  32440 |  70 | 1643.5 |
       Dungeon |  25977 |  21667 |   4310 |   6315 |  10619 |  15 | 1731.8 |
        Temple |     31 |     31 |      0 |      0 |      0 |   1 |   31.0 |
          Lair |  12583 |  11283 |   1300 |   5067 |   3988 |   5 | 2516.6 |
        Shoals |   7169 |   6845 |    324 |   2916 |   1801 |   4 | 1792.2 |
   Spider Nest |  13328 |  13010 |    318 |   7850 |   2288 |   4 | 3332.0 |
    Slime Pits |   2315 |   2269 |     46 |   1055 |    175 |   5 |  463.0 |
  Orcish Mines |   5501 |   4846 |    655 |   3284 |    842 |   2 | 2750.5 |
   Elven Halls |   7342 |   6772 |    570 |   3083 |   1729 |   3 | 2447.3 |
        Vaults |  11910 |  10765 |   1145 |   3086 |   4693 |   5 | 2382.0 |
        Depths |  13900 |  13500 |    400 |   7916 |   3271 |   4 | 3475.0 |
          Hell |    860 |    839 |     21 |      0 |    464 |   1 |  860.0 |
           Zot |   9372 |   9345 |     27 |   4689 |   1883 |   5 | 1874.4 |
         Abyss |    917 |    917 |      0 |    144 |    302 |   5 |  183.4 |
      Ziggurat |   1746 |   1746 |      0 |   1413 |      0 |   7 |  249.4 |
        Bailey |    403 |    403 |      0 |    317 |      0 |   1 |  403.0 |
       Volcano |     61 |     61 |      0 |      0 |      0 |   1 |   61.0 |
    Desolation |   1108 |   1108 |      0 |    273 |    383 |   1 | 1108.0 |
      Gauntlet |    513 |    513 |      0 |    187 |      0 |   1 |  513.0 |
               +--------+--------+--------+--------+--------+-----+--------+

Top non-repeatable levels by time:
Spider:3: 5107 daAuts
Depths:1: 4704 daAuts
   Orc:1: 4205 daAuts
  Lair:3: 4088 daAuts
Depths:3: 4063 daAuts
Vaults:4: 3918 daAuts
    D:15: 3852 daAuts
Spider:2: 3422 daAuts
     D:9: 3133 daAuts
   Zot:4: 3050 daAuts
   Elf:3: 2963 daAuts
   Elf:2: 2930 daAuts
Spider:4: 2863 daAuts
Shoals:4: 2832 daAuts
Depths:4: 2733 daAuts
